 Dungeon Crawl Stone Soup version 0.31-a0-246-g8cbcc1cb85 (webtiles) character file.

Game seed: 1616854717568021765

5048 cforsyth the Grappler (level 10, -14/90 HPs)
             Began as an Ogre Shapeshifter on July 13, 2023.
             Was an Initiate of Hepliaklqana.
             Demolished by a two-headed ogre
             ... wielding a +0 giant club
              (17 damage)
             ... on level 9 of the Dungeon.
             The game lasted 00:11:32 (11460 turns).

cforsyth the Grappler (Ogre Shapeshifter)          Turns: 11460, Time: 00:11:32

Health: -14/90     AC:  5    Str: 25    XL:     10   Next: 55%
Magic:  19/19      EV: 11    Int:  9    God:    Hepliaklqana [......]
Gold:   451        SH:  2    Dex:  9    Spells: 9/9 levels left

rFire   . .          .
                       - Unarmed
rCold   . . .        (no shield)
rNeg    . . .        a - +0 animal skin
rPois   .            (helmet currently unavailable)
rElec   .            (cloak currently unavailable)
rCorr   .            (gloves unavailable)
SInv    .            (boots unavailable)
Will    +....        (no amulet)
Stlth   +            i - ring of the Octopus King {HP+2 MP+9 AC+2 EV+2 SH+2}
HPRegen 0.35/turn    (no ring)
MPRegen 0.16/turn

%: no passive effects
@: beast-form
A: beast (slay +6), large, unfitting armour, tough skin 1
a: Renounce Religion


You were on level 9 of the Dungeon.
You worshipped Hepliaklqana.
Hepliaklqana was noncommittal.
You were a hulking beast.
You visited 2 branches of the dungeon, and saw 10 of its levels.

You collected 451 gold pieces.

Inventory:

Armour
 a - a +0 animal skin (worn)
Jewellery
 g - an amulet of faith
 i - a ring of the Octopus King (left hand) {HP+2 MP+9 AC+2 EV+2 SH+2}
   (You found it on level 2 of the Dungeon)

   [ring of magical power]

   AC:        It affects your AC (+2).
   EV:        It affects your evasion (+2).
   HP:        It affects your health (+2).
   MP:        It affects your magic capacity (+9).
   SH:        It affects your SH (+2).
 B - a ring of positive energy
Talismans
 c - a beast talisman
Wands
 o - a wand of polymorph (19)
 r - a wand of flame (31)
 A - a wand of paralysis (4)
Scrolls
 d - 2 scrolls of enchant armour {unknown}
 e - a scroll of torment
 f - 4 scrolls of fear
 h - 8 scrolls of teleportation
 j - a scroll of acquirement {unknown}
 m - a scroll of identify
 p - 2 scrolls of blinking
 q - a scroll of immolation
 s - a scroll of fog {unknown}
 t - a scroll of poison {unknown}
 u - 2 scrolls of revelation {unknown}
 x - 2 scrolls of amnesia {unknown}
 y - a scroll of summoning {unknown}
Potions
 b - 3 potions of lignification
 k - 3 potions of heal wounds
 l - 2 potions of invisibility
 n - 8 potions of curing
 v - a potion of attraction
 w - a potion of resistance
 z - 4 potions of haste {unknown}


   Skills:
 - Level 2.6 Fighting
 - Level 1.7 Dodging
 + Level 10.1 Unarmed Combat
 + Level 9.6 Shapeshifting


You had 9 spell levels left.
You didn't know any spells.
Your spell library contained the following spells:

 Spells                   Type           Power      Damage    Failure   Level
 Call Canine Familiar     Summ           0%         N/A       77%         3
 Dazzling Flash           Conj/Hex       0%         N/A       77%         3
 Portal Projectile        Hex/Tloc       0%         N/A       77%         3
 Cause Fear               Hex            0%         N/A       99%         4
 Leda's Liquefaction      Hex/Erth       0%         N/A       99%         4
 Agony                    Necr           0%         N/A       100%        5
 Fireball                 Conj/Fire      0%         3d3       100%        5
 Silence                  Hex/Air        0%         N/A       100%        5
 Malign Gateway           Summ/Tloc      0%         N/A       100%        7
 Summon Horrible Things   Summ           0%         N/A       100%        8
 Dragon's Call            Summ           0%         N/A       100%        9


Dungeon Overview and Level Annotations

Branches:
Dungeon (9/15)             Temple (1/1) D:4
   Lair: D:8-11         Orc: D:9-12

Altars:
Ashenzari
Cheibriados
Dithmenos
Elyvilon
Fedhas
Gozag
Hepliaklqana
Kikubaaqudgha
Makhleb
Nemelex Xobeh
Okawaru
Qazlal
Ru
Sif Muna
Trog
Uskayaw
Vehumet
Wu Jian
Xom
Yredelemnul
Zin
The Shining One

Shops:
D:3 ((

Annotations:
D:8 1 runed translucent door, AwFulAwFulPlayer's ghost, novice DsCK


Innate Abilities, Weirdness & Mutations

You are a hulking beast.
Your limbs bulge with bestial killing power. (Slay +6)
You are too large for most types of armour.
You have tough skin. (AC +1)


Message History

2 orc zombies come into view.
The orc priest hits you with a +0 hand axe.
The phantom hits you but does no damage.
You pummel the orc priest!!
You kill the orc priest!
An ogre zombie comes into view.
The phantom misses you.
An orc skeleton comes into view.
An orc zombie comes into view.
The orc zombie hits you but does no damage.
A hobgoblin skeleton comes into view.
Things that are here:
a +0 whip; 2 stones; a kobold corpse You see here a +0 whip.
The phantom attacks as you move away! The phantom hits you!
* * * LOW HITPOINT WARNING * * *
The phantom attacks as you move away! The phantom hits you!
* * * LOW HITPOINT WARNING * * *
Things that are here:
a +0 dagger; 5 stones You closely miss the phantom.
The phantom hits you.
* * * LOW HITPOINT WARNING * * *
The phantom blinks!
You blink.
An orc zombie comes into view.
You pummel the phantom!!
The phantom is severely damaged.
The phantom hits you.
* * * LOW HITPOINT WARNING * * *
Unknown command.
You punch the phantom!
You destroy the phantom!
The orc zombie barely misses you.
An ogre zombie comes into view.
The orc zombie barely misses you.
A two-headed ogre comes into view. It is wielding two +0 giant clubs.
The two-headed ogre shouts in stereo!
The two-headed ogre hits you with a +0 giant club!
* * * LOW HITPOINT WARNING * * *
The two-headed ogre hits you with a +0 giant club!
You die...

#.)...........#
#.............###
#...............#
#...............#
#...............#
#...............#
#...............#
..#####'#...# .
#.....#h###
#.#.....O.#
#Z#.....#.#
#.#.....#Z#
#.#.....#.####
#.##+####Z>..#
#.......Z....#
#.....Z.Z....#
#...Z.Z......#


You could see a two-headed ogre and 4 orc zombies.

Vanquished Creatures
  A hornet (D:8)
  A wyvern (D:7)
  A steam dragon (D:8)
  Edmund (D:4)
  2 water moccasins (D:6)
  Duvessa (D:4)
  An orc warrior (D:8)
  2 sky beasts
  4 black bears
  3 ice beasts
  2 ogres
  3 centaurs
  A phantom (D:9)
  4 kobold brigands
  3 bullfrogs
  4 scorpions
  15 wights
  Dowan (D:4)
  A troll zombie (D:9)
  3 jellies
  An electric eel (D:6)
  2 howler monkeys
  3 hounds
  6 orc priests
  A gnoll bouda (D:6)
  Jessica (D:2)
  Natasha (thrice) (D:2)
  A sleepcap (D:5)
  5 iguanas
  An orc wizard (D:4)
  4 ogre zombies (D:9)
  Robin (D:1)
  9 gnolls
  7 adders
  2 white imps
  An ufetubus (D:5)
  3 worms
  4 dart slugs
  23 orcs
  6 bats
  10 endoplasms
  A giant cockroach (D:2)
  14 goblins
  10 hobgoblins
  10 jackals
  21 kobolds
  7 quokkas
  8 ball pythons
  4 frilled lizards
  A goblin zombie (D:9)
  2 hobgoblin zombies (D:9)
  6 orc zombies (D:9)
  3 rats
235 creatures vanquished.

Notes
Turn   | Place    | Note
-------+----------+-------------------------------------------
     0 | D:1      | cforsyth the Ogre Shapeshifter began the quest for the Orb.
     0 | D:1      | Reached XP level 1. HP: 22/22 MP: 1/1
    39 | D:1      | Reached skill level 2 in Unarmed Combat
    44 | D:1      | Reached XP level 2. HP: 22/29 MP: 2/2
   314 | D:1      | Reached XP level 3. HP: 28/36 MP: 3/3
   577 | D:2      | Found the ring of the Octopus King
   597 | D:2      | Identified a ring of the Octopus King {HP+2 MP+9 AC+2 EV+2
                  | SH+2}
   683 | D:2      | Noticed Jessica
   686 | D:2      | Killed Jessica
   687 | D:2      | Reached skill level 3 in Unarmed Combat
   687 | D:2      | Reached XP level 4. HP: 39/44 MP: 4/4
   958 | D:2      | Noticed Robin
  1012 | D:2      | Noticed Natasha
  1022 | D:1      | Killed Robin
  1048 | D:2      | Reached XP level 5. HP: 45/50 MP: 5/5
  1208 | D:2      | Killed Natasha
  1507 | D:2      | Noticed Natasha
  1699 | D:2      | Killed Natasha
  1996 | D:2      | Noticed Natasha
  2044 | D:2      | Killed Natasha
  2556 | D:3      | Found Kechauxi's Antique Weapon Emporium.
  2606 | D:3      | Found a shadowy altar of Dithmenos.
  2718 | D:3      | Reached skill level 4 in Unarmed Combat
  2744 | D:3      | Noticed an ice beast
  2763 | D:3      | Killed an ice beast
  2764 | D:3      | Reached XP level 6. HP: 9/59 MP: 6/6
  2945 | D:3      | Found a white marble altar of Elyvilon.
  2967 | D:3      | Found Cunud's Weapon Emporium.
  3510 | D:4      | Reached skill level 5 in Shapeshifting
  3680 | D:4      | Reached XP level 7. HP: 64/66 MP: 7/7
  3777 | D:4      | Noticed Dowan
  3778 | D:4      | Noticed Duvessa
  3794 | D:4      | Killed Duvessa
  3795 | D:4      | Reached skill level 5 in Unarmed Combat
  3809 | D:4      | Killed Dowan
  3977 | D:4      | Noticed Edmund
  3988 | D:4      | Killed Edmund
  4130 | D:4      | Found a staircase to the Ecumenical Temple.
  4140 | Temple   | Entered the Ecumenical Temple
  4649 | D:5      | Entered Level 5 of the Dungeon
  4655 | D:4      | Reached XP level 8. HP: 73/74 MP: 8/8
  4685 | D:4      | Reached skill level 6 in Unarmed Combat
  4968 | D:5      | Found an ancient bone altar of Kikubaaqudgha.
  4968 | D:5      | Found a blossoming altar of Fedhas.
  5495 | D:5      | Reached skill level 7 in Unarmed Combat
  5929 | D:5      | Reached XP level 9. HP: 26/80 MP: 9/9
  6420 | D:6      | Found a radiant altar of Vehumet.
  6438 | D:6      | Found a sparkling altar of Nemelex Xobeh.
  6558 | D:6      | Reached skill level 8 in Unarmed Combat
  6796 | D:6      | Found a shimmering blue altar of Sif Muna.
  7562 | D:6      | Found a shimmering blue altar of Sif Muna.
  7783 | D:6      | Found a radiant altar of Vehumet.
  7796 | D:6      | Found a sparkling altar of Nemelex Xobeh.
  8699 | D:7      | Reached skill level 9 in Unarmed Combat
  9241 | D:7      | Reached XP level 10. HP: 69/88 MP: 10/10
  9839 | D:8      | Noticed AwFulAwFulPlayer's ghost (novice DsCK)
  9844 | D:8      | Found a runed translucent door.
 10636 | D:8      | Found a burning altar of Makhleb.
 10710 | D:8      | Found an iron altar of Okawaru.
 10890 | D:8      | Found a hide-covered altar of Uskayaw.
 11166 | D:8      | Found a sacrificial altar of Ru.
 11166 | D:8      | Found a glowing silver altar of Zin.
 11174 | D:8      | Found a broken altar of Ashenzari.
 11176 | D:8      | Found a hazy altar of Hepliaklqana.
 11178 | D:8      | Found a faded altar of an unknown god.
 11182 | D:8      | Became a worshipper of Hepliaklqana the Forgotten
 11344 | D:9      | Reached skill level 10 in Unarmed Combat
 11458 | D:9      | Noticed a two-headed ogre
 11460 | D:9      | HP: 3/90 [two-headed ogre/+0 giant club (14)]
 11460 | D:9      | Demolished by a two-headed ogre

Illustrated notes

Levels and vault maps discovered:
D:1:      psy_arrival_dodecagon, layout_rooms
D:2:      layout_basic, minmay_pentomino_x2, uniq_jessica, uniq_natasha,
          uniq_robin
D:3:      layout_loops_ring, nicolae_dithmenos_the_darkroom, elyvilon_altar_3,
          serial_shops, nicolae_shop_advertising_works
          [nicolae_subvault_shop_adworks], shop
D:4:      layout_basic, minmay_temple_entry_proselytizer, uniq_duvessa,
          uniq_edmund
D:5:      minmay_bubble_buster, layout_rooms,
          grunt_temple_overflow_growth_and_decay
D:6:      layout_basic, amcnicky_altar_gilded,
          mainiacjoe_overflow_catch_the_wave, kennysheep_diamond,
          serial_bayou_lake_a
D:7:      layout_loops_ring, serial_co_window_serial, co_window_paths_b,
          co_window_of_opportunity_a, co_window_of_opportunity_a,
          co_window_corner_a, co_window_cross_1, co_window_corner_a,
          co_window_paths_a, co_window_unsneaky_path_c, co_window_broadway_a,
          co_window_cross_3, co_window_broadway_a, co_window_unsneaky_path_b,
          co_window_corner_b, co_window_corner_b, glass_columns_b,
          glass_columns_a, kennysheep_small_square
D:8:      layout_loops_ring, chequers_temple_overflow_minitemple,
          nicolae_uskayaw_dance_studio, kennysheep_okawaru_gauntlet,
          lemuel_doored_altar, hellmonk_ghost_happy_afterlife,
          grunt_ministairs_2
D:9:      layout_irregular_city, zombieorc2_lemuel, serial_shops, shop,
          kennysheep_dice
Temple:   hellmonk_temple_beads

Skill      XL: |  1  2  3  4  5  6  7  8  9 10 |
---------------+-------------------------------+-----
Unarmed Combat | 2 3 4 5 7 9 10 | 10.1
Shapeshifting  | 4 5 6 7 8 9 |  9.6
Fighting       | |  2.6
Dodging        | |  1.7

Action                     |  1- 3 |  4- 6 |  7- 9 | 10-12 || total
---------------------------+-------+-------+-------+-------++-------
  Melee: Unarmed           |    77 |   168 |   264 |   129 ||   638
         Punch             |     3 |     2 |    16 |    10 ||    31
    Use: Scroll            |       |       |     9 |       ||     9
   Stab: Sleeping          |       |       |     1 |       ||     1
 Armour: Animal skin       |    19 |    49 |    69 |    45 ||   182
  Dodge: Dodged            |    46 |    78 |   136 |    72 ||   332
  Block: Other             |       |     2 |    12 |     7 ||    21

Table legend: (Time is in decaauts)
 A = Elapsed time spent in this place.
 B = Non-inter-level travel time spent in this place.
 C = Inter-level travel time spent in this place.
 D = Time resting spent in this place.
 E = Time spent auto-exploring this place.
 F = Levels seen in this place.
 G = Mean time per level.
                   A        B        C        D        E       F      G
               +--------+--------+--------+--------+--------+-----+--------+
         Total |  11408 |  11140 |    268 |   1501 |   8127 |  10 | 1140.8 |
       Dungeon |  11253 |  10998 |    255 |   1501 |   7994 |   9 | 1250.3 |
        Temple |    154 |    141 |     13 |      0 |    133 |   1 |  154.0 |
               +--------+--------+--------+--------+--------+-----+--------+

Top non-repeatable levels by time:
     D:6: 2162 daAuts
     D:2: 1608 daAuts
     D:7: 1504 daAuts
     D:5: 1403 daAuts
     D:8: 1401 daAuts
     D:4: 1218 daAuts
     D:3: 942 daAuts
     D:1: 897 daAuts
  Temple: 154 daAuts
     D:9: 114 daAuts
